 Dungeon Crawl Stone Soup version 0.13.1-22-g086cdba (webtiles) character file.

84 Kae the Sneak (level 3, 10/16 HPs)
             Began as a Spriggan Enchanter on Jan 2, 2014.
             Quit the game on Level 2 of the Dungeon.
             The game lasted 00:01:36 (822 turns).

Kae the Sneak (Spriggan Enchanter)                   Turns: 822, Time: 00:01:37

HP  10/16        AC  3     Str  4      XL: 3   Next:  0%
MP   9/9         EV 18     Int 16      God:
Gold 56          SH  0     Dex 17      Spells:  2 memorised,  2 levels left

Res.Fire  : . . .   See Invis. : +   a - +1 dagger {=f}
Res.Cold  : . . .   Warding    : .   b - +1 robe
Life Prot.: . . .   Conserve   : .   (shield restricted)
Res.Poison: .       Res.Corr.  : .   (helmet restricted)
Res.Elec. : .       Clarity    : .   (no cloak)
Sust.Abil.: . .     Spirit.Shd : .   (gloves unavailable)
Res.Mut.  : .       Stasis     : .   (boots unavailable)
Res.Rott. : .       Flight     : .   (no amulet)
Saprovore : . . .                    (no ring)
                                     (no ring)

@: very quick, slightly resistant to hostile enchantments, quite stealthy
A: unfitting armour, see invisible, herbivore 3, speed 3, slow metabolism 2
a: no special abilities


You were on level 2 of the Dungeon.
You were not hungry.

You visited 1 branch of the dungeon, and saw 2 of its levels.

You collected 36 gold pieces.

Inventory:

Hand weapons
 a - a +1,+1 dagger (weapon) {=f}
Missiles
 d - 12 darts (quivered)
Armour
 b - a +1 robe (worn)
Comestibles
 l - a bread ration
Scrolls
 f - 2 scrolls of curse armour {unknown}
 g - a scroll of recharging {unknown}
 h - a scroll of enchant armour {unknown}
 j - 2 scrolls of identify {unknown}
 k - a scroll of fog {unknown}
Potions
 e - a potion of porridge
 i - a potion of curing {unknown}
Books
 c - a book of Maledictions

   Spells                             Type                      Level
   *Corona                            Hexes                        1
   Sure Blade                         Hexes/Charms                 2
   *Ensorcelled Hibernation           Hexes/Ice                    2
   Confuse                            Hexes                        3
   Enslavement                        Hexes                        4
   Invisibility                       Hexes                        6


   Skills:
 * Level 1.9 Short Blades
 - Level 1.1 Throwing
 - Level 3.0 Dodging
 * Level 4.1 Stealth
 + Level 1.9 Spellcasting
 + Level 3.9 Hexes


You had 2 spell levels left.
You knew the following spells:

 Your Spells              Type           Power        Failure   Level  Hunger
a - Corona                Hex            ##.....      6%          1    #......
b - Ensorcelled Hibernat  Hex/Ice        #.....       17%         2    ###....


Dungeon Overview and Level Annotations

Branches:
Dungeon (2/27)

Altars:


Innate Abilities, Weirdness & Mutations

You are tiny and cannot use many weapons and most armour.
You have supernaturally acute eyesight.
You are a herbivore.
You cover ground extremely quickly.
You need consume almost no food.


Message History

You barely miss the jackal.
The jackal is almost dead.
The jackal closely misses you.
You spend a moment contemplating the meaning of life.
There are monsters nearby!
You hit the jackal but do no damage.
The jackal is almost dead.
The jackal misses you. The jackal completely misses you.
The jackal bites you but does no damage.
You hit the jackal.
You kill the jackal!
You have reached level 3!
Your experience leads to an increase in your attributes!
Increase (S)trength, (I)ntelligence, or (D)exterity?
You feel agile. The jackal misses you.
Unknown command.
Unknown command.
Autopickup is now off.
Are you sure you want to abandon this character and quit the game? (Confirm with "yes".)

#...........#
.######.####.###
................
.######.####.### ##
........# #.# ..
######..####.####.##
#..........(..#
##.####.####%.#.###
#.# #....@h.....#
#.# #.#######.#.#
#.# #.# #.# #.# ...
..# ### #.# #.# #.#
.


You could see a jackal.

Vanquished Creatures
  4 giant geckos
  3 giant cockroaches
  2 jackals (D:2)
  A ball python (D:1)
  4 bats
  A giant newt (D:1)
  3 goblins (D:1)
  A goblin skeleton (D:2)
  4 kobolds (D:1)
  4 rats
27 creatures vanquished.

Notes
Turn   | Place    | Note
--------------------------------------------------------------
     0 | D:1      | Kae, the Spriggan Enchanter, began the quest for the Orb.
     0 | D:1      | Reached XP level 1. HP: 9/9 MP: 4/4
   214 | D:1      | Reached XP level 2. HP: 13/13 MP: 6/6
   668 | D:2      | Learned a level 2 spell: Ensorcelled Hibernation
   736 | D:2      | Reached skill level 4 in Stealth
   821 | D:2      | Reached XP level 3. HP: 9/16 MP: 9/9
   822 | D:2      | Quit the game

Action                   || total
-------------------------++-------
Melee: Dagger            ||    91
 Cast: Corona            ||     2
 Stab: Sleeping          ||     8
